 Dungeon Crawl Stone Soup version 0.31-a0-640-g39d97e502b (webtiles) character file.

Game seed: 15013191573435483479

31 rvierbuc the Conjurer (level 3, -4/25 HPs)
             Began as a Demonspawn Conjurer on Aug 28, 2023.
             Killed from afar by Sigmund (10 damage)
             ... with a magic dart
             ... on level 2 of the Dungeon.
             The game lasted 00:02:39 (1049 turns).

rvierbuc the Conjurer (Demonspawn Conjurer)         Turns: 1049, Time: 00:02:41

Health: -4/25      AC:  2    Str:  7    XL:     3   Next: 7%
Magic:  6/6        EV: 12    Int: 21    God:
Gold:   50         SH:  0    Dex: 11    Spells: 5/6 levels left

rFire   . . .        d - +3 dagger (venom)
rCold   . . .        (no shield)
rNeg    . . .        a - +0 robe
rPois   .            (no helmet)
rElec   .            (no cloak)
rCorr   .            (no gloves)
SInv    .            (no boots)
Will    .....        (no amulet)
Stlth   ++           (no ring)
HPRegen 0.24/turn    (no ring)
MPRegen 0.20/turn

%: no passive effects
@: no status effects
A: demonic guardian 1, magic regeneration
a: no special abilities


You were on level 2 of the Dungeon.
You visited 1 branch of the dungeon, and saw 2 of its levels.

You collected 50 gold pieces.

Inventory:

Hand Weapons
 d - a +3 dagger of venom (weapon)
Armour
 a - a +0 robe (worn)
Scrolls
 c - a scroll of enchant armour {unknown}
 e - 2 scrolls of teleportation {unknown}
 f - 2 scrolls of identify {unknown}
 h - a scroll of revelation {unknown}
Potions
 b - a potion of magic
 g - a potion of experience {unknown}


   Skills:
 + Level 0.5 Fighting
 + Level 0.3 Short Blades
 + Level 2.1 Dodging
 + Level 2.2 Stealth
 + Level 2.3 Spellcasting
 + Level 4.1 Conjurations


You had 5 spell levels left.
You knew the following spells:

 Your Spells              Type           Power      Damage    Failure   Level
a - Magic Dart            Conj           80%        1d7       2%          1

Your spell library contained the following spells:

 Spells                   Type           Power      Damage    Failure   Level
 Searing Ray              Conj           40%        2d5       3%          2
 Dazzling Flash           Conj/Hex       22%        N/A       19%         3
 Fulminant Prism          Conj/Hex       5%         3d7       52%         4
 Iskenderun's Mystic Bla  Conj/Tloc      11%        2d4       52%         4


Dungeon Overview and Level Annotations

Branches:
Dungeon (2/15)

Altars:

Annotations:
D:2 Sigmund


Innate Abilities, Weirdness & Mutations

A weak demonic guardian rushes to your aid.
You regenerate magic rapidly.


Message History

Increase (S)trength, (I)ntelligence, or (D)exterity?
You feel clever. x2; Your demonic ancestry asserts itself...
You feel the presence of a demonic guardian.
You start resting.
Magic restored.
You start resting.
HP restored.
You start waiting.
Done waiting.
You climb downwards.
Level annotation: Sigmund Sigmund misses you.
There is a stone staircase leading up here.
The magic dart hits Sigmund but does no damage.
Sigmund gestures wildly while chanting.
Sigmund flickers and vanishes!
Deactivating autopickup; reactivate with Ctrl-A.
You miss something.
You hear some strange, mumbled words.
A magic dart appears from out of thin air!
The magic dart hits you.
You barely miss something.
You hear some strange, mumbled words.
A magic dart appears from out of thin air!
The magic dart hits you!
You closely miss something.
You hear some strange, mumbled words.
You are confused.
You bump into the rock wall.
Something hits you.
You bump into the rock wall.
You're too confused to move!
Something hits you. Something hits you but does no damage.
You feel less confused.
You hit something. Something hits you.
* * * LOW HITPOINT WARNING * * *
You miss something.
You hear some strange, mumbled words.
A magic dart appears from out of thin air!
The magic dart hits you!
You die...

..#............
...#..........
..
#........$...
#.##.#..#......
#..............
#.....@.†..####
######.#####
#.########
#......{@##
########<.#
##.# #... #####


There were no monsters in sight!

Vanquished Creatures
  An adder (D:1)
  3 dart slugs
  2 endoplasms (D:1)
  2 giant cockroaches (D:1)
  A goblin (D:1)
  2 hobgoblins (D:1)
  A ball python (D:1)
  A frilled lizard (D:1)
  2 kobolds (D:1)
  2 rats (D:1)
17 creatures vanquished.

Notes
Turn   | Place    | Note
-------+----------+-------------------------------------------
     0 | D:1      | rvierbuc the Demonspawn Conjurer began the quest for the
                  | Orb.
     0 | D:1      | Reached XP level 1. HP: 13/13 MP: 3/3
   261 | D:1      | Gained mutation: You regenerate magic rapidly. [demonic
                  | ancestry]
   261 | D:1      | Reached XP level 2. HP: 19/19 MP: 1/5
   833 | D:2      | Noticed Sigmund
   856 | D:1      | Gained mutation: A weak demonic guardian rushes to your
                  | aid. [demonic ancestry]
   856 | D:1      | Reached XP level 3. HP: 5/25 MP: 1/6
  1049 | D:2      | Killed from afar by Sigmund

Illustrated notes

Levels and vault maps discovered:
D:1:      eino_arrival_water_cross, layout_basic
D:2:      layout_loops_cross, nicolae_kite_square_tiling_tiny,
          uniq_crazy_yiuf_cottage, uniq_sigmund, uniq_natasha

Skill      XL: |  1 |
---------------+----+-----
Dodging        | 2 |  2.1
Stealth        | 2 |  2.2
Fighting       | |  0.5
Short Blades   | |  0.3
Spellcasting   | |  2.3
Conjurations   | |  4.1

Action                     || total
---------------------------++-------
  Melee: Unarmed           ||     1
         Dagger            ||    12
   Cast: Magic Dart        ||    42
 Armour: Robe              ||     8
  Dodge: Dodged            ||     8

Table legend: (Time is in decaauts)
 A = Elapsed time spent in this place.
 B = Non-inter-level travel time spent in this place.
 C = Inter-level travel time spent in this place.
 D = Time resting spent in this place.
 E = Time spent auto-exploring this place.
 F = Levels seen in this place.
 G = Mean time per level.
                   A        B        C        D        E       F      G
               +--------+--------+--------+--------+--------+-----+--------+
         Total |   1049 |   1033 |     16 |    220 |    662 |   2 |  524.5 |
       Dungeon |   1049 |   1033 |     16 |    220 |    662 |   2 |  524.5 |
               +--------+--------+--------+--------+--------+-----+--------+

Top non-repeatable levels by time:
     D:1: 983 daAuts
     D:2: 66 daAuts
